 Dungeon Crawl Stone Soup version 0.29-a0-561-ga02bf68b3c (webtiles) character file.

Game seed: 7066455940679754977

28 27snakeeyes612 the Skirmisher (level 3, 0/34 HPs)
             Began as a Naga Fighter on June 11, 2022.
             Slain by a ball python (3 damage)
             ... on level 2 of the Dungeon.
             The game lasted 00:00:43 (940 turns).

27snakeeyes612 the Skirmisher (Naga Fighter)         Turns: 940, Time: 00:00:43

Health: 0/34       AC:  5    Str: 20    XL:     3   Next: 12%
Magic:  3/3        EV:  5    Int:  8    God:
Gold:   65         SH:  4    Dex: 10    Spells: 2/2 levels left

rFire   . . .      SeeInvis +   a - +0 flail
rCold   . . .      Faith    .   c - +0 buckler
rNeg    . . .      Spirit   .   g - +0 chain mail
rPois   +          Reflect  .   (no helmet)
rElec   .          Harm     .   (no cloak)
rCorr   .          Rampage  .   (no gloves)
Will    .....                   (no barding)
Stlth   ..........              (no amulet)
HPRegen 0.11/turn               (no ring)
MPRegen 0.08/turn               (no ring)

@: very slow
A: AC +1, large, see invisible, deformed body, poison resistance, slowness 2,
spit poison 1, naga tail 1
a: Spit Poison


You were on level 2 of the Dungeon.
You visited 1 branch of the dungeon, and saw 2 of its levels.

You collected 65 gold pieces.

Inventory:

Hand Weapons
 a - a +0 flail (weapon)
Armour
 b - a +0 scale mail
 c - a +0 buckler (worn)
 g - a +0 chain mail (worn)
Scrolls
 f - a scroll of blinking {unknown}
 h - a scroll of identify {unknown}
 i - a scroll of torment {unknown}
Potions
 d - 2 potions of might
 e - a potion of invisibility {unknown}


   Skills:
 + Level 3.3 Fighting
 + Level 2.4 Maces & Flails
 + Level 2.6 Armour
 + Level 1.0 Stealth
 + Level 2.9 Shields


You had 2 spell levels left.
You didn't know any spells.
Your spell library was empty.

Dungeon Overview and Level Annotations

Branches:
Dungeon (2/15)

Altars:


Innate Abilities, Weirdness & Mutations

Your serpentine skin is tough. (AC +1)
You have supernaturally acute eyesight. (SInv)
Armour fits poorly on your strangely shaped body.
Your system is resistant to poisons. (rPois)
You cover ground very slowly.
You can spit poison.
You have a snake-like lower body.


Message History

A goblin is nearby!
A goblin is nearby!
A hobgoblin comes into view.
Found a bubbling inky potion.
The hobgoblin shouts!
The goblin shouts!
A rat comes into view.
Found a stone staircase leading down.
The hobgoblin barely misses you.
The hobgoblin hits you but does no damage.
You sock the hobgoblin!
You kill the hobgoblin!
A ball python comes into view.
The goblin hits you with a +3 mace of protection.
The rat twitches its whiskers.
You barely miss the rat.
The goblin hits you with a +3 mace of protection.
The rat bites you but does no damage.
You barely miss the rat. You block the goblin's attack. The rat bites you.
The rat barely misses you.
The ball python bites you but does no damage.
The goblin hits you with a +3 mace of protection!
You hit the rat.
You kill the rat!
The ball python bites you.
The goblin hits you with a +3 mace of protection.
You are too injured to fight recklessly!
You are too injured to fight recklessly!
You are too injured to fight recklessly!
You are too injured to fight recklessly!
You are too injured to fight recklessly!
You barely miss the goblin.
The ball python bites you but does no damage.
A rat comes into view.
The goblin hits you with a +3 mace of protection!
* * * LOW HITPOINT WARNING * * *
The ball python barely misses you.
You barely miss the goblin.
The goblin hits you with a +3 mace of protection.
* * * LOW HITPOINT WARNING * * *
The ball python bites you.
You die...

#..# #..## .....
#... #..# #..#
#.S##.#.>
########@.......
#.......g##r.###
#.######.##. #
#.#.........
#..#.###.##..
##.###.##.# #..
#.## ##...# !
##.###.###.....
#.#.## . .#.


You could see a goblin, a ball python and a rat.

Vanquished Creatures
  3 ball pythons (D:1)
  A bat (D:1)
  4 endoplasms (D:1)
  A giant cockroach (D:1)
  3 goblins (D:1)
  6 hobgoblins
  A frilled lizard (D:1)
  2 kobolds (D:1)
  3 rats
24 creatures vanquished.

Notes
Turn   | Place    | Note
-------+----------+-------------------------------------------
     0 | D:1      | 27snakeeyes612 the Naga Fighter began the quest for the
                  | Orb.
     0 | D:1      | Reached XP level 1. HP: 21/21 MP: 1/1
   174 | D:1      | Reached XP level 2. HP: 28/28 MP: 2/2
   454 | D:1      | Reached XP level 3. HP: 11/34 MP: 3/3
   688 | D:1      | Reached skill level 1 in Stealth
   940 | D:2      | Slain by a ball python

Illustrated notes

Levels and vault maps discovered:
D:1:      scummos_arrival_forest, layout_rooms
D:2:      layout_loops_ring, ebering_ecumenical_altar_mist, uniq_robin

Skill      XL: |  1  2  3 |
---------------+----------+-----
Stealth        | 1 |  1.0
Fighting       | |  3.3
Maces & Flails | |  2.4
Armour         | |  2.6
Shields        | |  2.9

Action                   || total
-------------------------++-------
Melee: Flail             ||    59
Armor: Scale mail        ||     9
       Chain mail        ||    13
Dodge: Dodged            ||    21
Block: Buckler           ||     6

Table legend: (Time is in decaauts)
 A = Elapsed time spent in this place.
 B = Non-inter-level travel time spent in this place.
 C = Inter-level travel time spent in this place.
 D = Time resting spent in this place.
 E = Time spent auto-exploring this place.
 F = Levels seen in this place.
 G = Mean time per level.
                   A        B        C        D        E       F      G
               +--------+--------+--------+--------+--------+-----+--------+
         Total |   1142 |   1102 |     40 |      0 |    925 |   2 |  571.0 |
       Dungeon |   1142 |   1102 |     40 |      0 |    925 |   2 |  571.0 |
               +--------+--------+--------+--------+--------+-----+--------+

Top non-repeatable levels by time:
     D:1: 1098 daAuts
     D:2: 43 daAuts
